 Dungeon Crawl Stone Soup version 0.27-a0-1579-g97d2440184 (webtiles) character file.

Game seed: 3887774857151289086

14959 Spaninq the Arsonist (level 11, -16/74 HPs)
             Began as a Black Draconian Fire Elementalist on July 17, 2021.
             Was a Believer of Vehumet.
             Killed from afar by a deep troll earth mage (25 damage)
             ... with a blast of rock fragments
             ... on level 10 of the Dungeon.
             The game lasted 00:52:04 (13180 turns).

Spaninq the Arsonist (DrFE)                        Turns: 13180, Time: 00:52:05

Health: -16/74     AC: 13    Str: 11    XL:     11   Next: 95%
Magic:  7/21       EV: 12    Int: 19    God:    Vehumet [**....]
Gold:   660        SH:  5    Dex: 11    Spells: 7/24 levels left

rFire    . . .     SeeInvis +   k - +3 whip (vamp)
rCold    . . .     Faith    .   (no shield)
rNeg     . . .     Spirit   .   (armour unavailable)
rPois    .         Reflect  +   (helmet restricted)
rElec    +         Harm     .   r - +2 cloak {Stlth+}
rCorr    .         Rampage  .   p - +2 pair of gloves
Will     +....                  (no boots)
Stlth    +++.......             C - amulet of reflection
HPRegen  0.22/turn              j - ring of see invisible
MPRegen  0.17/turn              l - ring of willpower

@: no status effects
A: breathe lightning, AC +7, unfitting armour, electricity resistance,
cold-blooded
a: Breathe Lightning, Renounce Religion


You were on level 10 of the Dungeon.
You worshipped Vehumet.
Vehumet was pleased with you.
You visited 2 branches of the dungeon, and saw 11 of its levels.

You collected 660 gold pieces.

Inventory:

Hand Weapons
 k - a +3 vampiric whip (weapon)
Armour
 p - a +2 pair of gloves (worn)
 r - a +2 cloak of stealth (worn)
Jewellery
 f - a ring of positive energy
 j - a ring of see invisible (left hand)
 l - a ring of willpower (right hand)
 C - an amulet of reflection (around neck)
 E - a ring of resist corrosion
 I - a ring of poison resistance
Wands
 s - a wand of flame (19)
 u - a wand of acid (6)
 w - a wand of mindburst (28)
 y - a wand of polymorph (3)
 B - a wand of iceblast (13)
Scrolls
 a - a scroll of amnesia
 b - a scroll of identify
 d - 2 scrolls of enchant armour
 n - 4 scrolls of teleportation
 q - 3 scrolls of blinking
 x - a scroll of fog
Potions
 c - 6 potions of might
 h - a potion of mutation
 m - a potion of lignification
 z - a potion of cancellation
 D - a potion of invisibility {unknown}
 G - a potion of curing {unknown}


   Skills:
 - Level 1.7 Dodging
 - Level 1.7 Stealth
 + Level 7.2 Spellcasting
 * Level 10.2 Conjurations
 * Level 10.6 Fire Magic
 - Level 4.3 Ice Magic
 + Level 7.6 Earth Magic


You had 7 spell levels left.
You knew the following spells:

 Your Spells              Type           Power      Damage    Failure   Level
a - Foxfire               Conj/Fire      100%       2x1d9     1%          1
b - Sticky Flame          Conj/Fire      46%        2d6       1%          4
c - Fireball              Conj/Fire      23%        3d11      3%          5
d - Freeze                Ice            92%        1d10      1%          1
e - Bolt of Magma         Conj/Fire/Erth 21%        4d11      5%          5
f - Shock                 Conj/Air       100%       1d9       1%          1

Your spell library contained the following spells:

 Spells                   Type           Power      Damage    Failure   Level
 Conjure Flame            Conj/Fire      46%        6-21      1%          3
 Stone Arrow              Conj/Erth      80%        3d12      1%          3
 Inner Flame              Hex/Fire       27%        N/A       3%          3
 Hailstorm                Conj/Ice       34%        3d9       4%          4
 Ignite Poison            Fire/Tmut/Pois 20%        N/A       7%          3
 Animate Skeleton         Necr           12%        N/A       10%         1
 Apportation              Tloc           12%        N/A       10%         1
 Corona                   Hex            6%         N/A       10%         1
 Sting                    Tmut/Pois      24%        1d4       10%         1
 Summon Small Mammal      Summ           24%        N/A       10%         1
 Poisonous Vapours        Pois/Air       12%        N/A       16%         2
 Sublimation of Blood     Necr           3%         N/A       16%         2
 Leda's Liquefaction      Hex/Erth       10%        N/A       21%         4
 Petrify                  Tmut/Erth      21%        N/A       21%         4
 Call Canine Familiar     Summ           6%         N/A       30%         3
 Portal Projectile        Hex/Tloc       12%        N/A       30%         3
 Irradiate                Conj/Tmut      13%        3d17      32%         5
 Ice Form                 Ice/Tmut       15%        N/A       36%         4
 Olgreb's Toxic Radiance  Pois           6%         N/A       69%         4
 Simulacrum               Ice/Necr       7%         N/A       99%         6
 Shatter                  Erth           18%        3d17*     100%        9


Dungeon Overview and Level Annotations

Branches:
Dungeon (10/15)            Temple (1/1) D:7             Orc (0/2) D:9
   Lair: D:8-11

Altars:
Ashenzari
Cheibriados
Dithmenos
Elyvilon
Fedhas
Gozag
Hepliaklqana
Kikubaaqudgha
Makhleb
Nemelex Xobeh
Okawaru
Qazlal
Ru
Sif Muna
Trog
Uskayaw
Vehumet
Wu Jian
Xom
Yredelemnul
Zin
The Shining One

Shops:
D:5 *(:(   D:6 **([!


Innate Abilities, Weirdness & Mutations

You can breathe wild blasts of lightning.
Your glossy black scales are hard. (AC +7)
You cannot fit into any form of body armour.
You are resistant to electric shocks. (rElec)
You are cold-blooded and may be slowed by cold attacks.


Message History

The deep troll earth mage barely misses you.
The deep troll earth mage claws you but does no damage.
The deep troll earth mage claws you!
Casting: Freeze (safe; 1% risk of failure)
Confirm with . or Enter, or press ? or * to list all spells.
Aiming: Sticky Flame (dangerous; 1% risk of failure)
Press: ? - help, Shift-Dir - straight line, f/p - deep troll earth mage
Aim: a deep troll earth mage (moderately wounded, 100% to hit)
The sticky flame hits the deep troll earth mage.
The deep troll earth mage is heavily wounded.
The deep troll earth mage is covered in liquid flames!
The deep troll earth mage burns!
The deep troll earth mage bites you but does no damage.
The deep troll earth mage claws you!
The deep troll earth mage claws you but does no damage.
You barely miss the deep troll earth mage.
The deep troll earth mage is heavily wounded.
The deep troll earth mage burns!
The deep troll earth mage bites you!
* * * LOW HITPOINT WARNING * * *
The deep troll earth mage misses you.
The deep troll earth mage claws you but does no damage.
Okay, then.
Casting: Sticky Flame (dangerous; 1% risk of failure)
Confirm with . or Enter, or press ? or * to list all spells.
Aiming: Sticky Flame (dangerous; 1% risk of failure)
Press: ? - help, Shift-Dir - straight line, f/p - deep troll earth mage
Aim: a deep troll earth mage (severely wounded, 100% to hit)
The sticky flame hits the deep troll earth mage but does no damage.
The deep troll earth mage is severely wounded.
The deep troll earth mage is covered in liquid flames!
The deep troll earth mage burns!
The deep troll earth mage completely misses you.
The deep troll earth mage claws you.
* * * LOW HITPOINT WARNING * * *
The deep troll earth mage misses you.
The deep troll earth mage burns!
The deep troll earth mage burns!
The deep troll earth mage gestures at you while chanting.
The wall shatters!
The blast of rock fragments hits you!!
You die...

#....?.######## #..#..<..#
#|#[. ##### ...##.[#.###.#
####..T.# #.##.....#.#.#
#..†### #.##(#.###.#.#
####..# .......#.#.#.#
#.### #.####..#.#.## ##.#
[.......#.#.######T.####.#
..#####.###.#...@........#
...# #..##.#.#############
...####..####.#...........#
...#.....>....#.###.......#
...#......................#
......)#.......####.......#
.).....'.......'..........#
#....).#.......###.......##
#.######.......# #.#######


You could see a deep troll earth mage (burning).

Vanquished Creatures
  An ice dragon (D:10)
  Pikel (D:4)
  An orb spider (shapeshifter) (D:10)
  2 manticores (D:10)
  An unseen horror (D:10)
  3 hornets
  A wraith (D:9)
  A yak (shapeshifter) (D:10)
  4 yaks (D:9)
  A steam dragon (D:7)
  3 acid dragons
  2 water moccasins
  A black bear (D:7)
  6 orc warriors
  A sky beast (D:6)
  A necrophage (D:6)
  4 ogres
  2 centaurs
  A phantom (D:5)
  3 bullfrogs
  A kobold brigand (D:8)
  A gnoll sergeant (D:7)
  A wyvern zombie (D:8)
  2 scorpions (D:5)
  3 killer bees (D:8)
  4 wights (D:6)
  11 howler monkeys
  4 centaur zombies
  A gnoll shaman (D:8)
  6 orc priests
  A hound (D:7)
  2 bullfrog skeletons (D:5)
  4 iguanas
  Ijyb (D:5)
  5 orc wizards
  2 killer bee zombies
  14 gnolls
  8 adders
  A shadow imp (D:3)
  2 white imps
  An ufetubus (D:4)
  2 dart slugs (D:2)
  34 orcs
  3 ball pythons (D:3)
  8 bats
  5 endoplasms
  2 giant cockroaches
  7 goblins
  6 hobgoblins
  4 jackals
  5 quokkas
  2 frilled lizards
  17 kobolds
  3 rats
213 creatures vanquished.

Vanquished Creatures (collateral kills)
  A foxfire (D:7)
1 creature vanquished.

Vanquished Creatures (others)
  738 foxfires
738 creatures vanquished.

Grand Total: 952 creatures vanquished

Notes
Turn   | Place    | Note
-------+----------+-------------------------------------------
     0 | D:1      | Spaninq the Draconian Fire Elementalist began the quest for
                  | the Orb.
     0 | D:1      | Reached XP level 1. HP: 14/14 MP: 3/3
   304 | D:1      | Reached XP level 2. HP: 18/20 MP: 1/5
   572 | D:1      | You fall into a shaft and drop 1 floor!
   572 | D:2      | Found a faded altar of an unknown god.
  1160 | D:2      | Reached XP level 3. HP: 25/26 MP: 1/6
  1532 | D:2      | Reached XP level 4. HP: 33/33 MP: 2/7
  1810 | D:2      | Learned a level 4 spell: Sticky Flame
  2304 | D:3      | Reached XP level 5. HP: 36/38 MP: 5/9
  3191 | D:4      | Noticed Pikel
  3191 | D:4      | Noticed a lemure
  3191 | D:4      | Noticed a lemure
  3191 | D:4      | Noticed a lemure
  3272 | D:4      | Noticed a lemure
  3294 | D:4      | Noticed an ogre
  3302 | D:4      | Killed an ogre
  3303 | D:4      | Reached skill level 5 in Fire Magic
  3303 | D:4      | Reached XP level 6. HP: 45/45 MP: 3/10
  3549 | D:4      | Killed Pikel
  3550 | D:4      | Reached skill level 5 in Conjurations
  3550 | D:4      | Your scales start taking on a glossy black colour.
  3550 | D:4      | Reached XP level 7. HP: 23/50 MP: 4/13
  3550 | D:4      | Gained mutation: You are resistant to electric shocks.
                  | (rElec) [Black Draconian growth]
  3884 | D:4      | Found a glowing silver altar of Zin.
  4205 | D:5      | Entered Level 5 of the Dungeon
  4205 | D:5      | Found Syog's Book Boutique.
  4305 | D:5      | Reached XP level 8. HP: 57/57 MP: 6/14
  4370 | D:5      | Found Juvotoe's General Store.
  4561 | D:5      | Found Zehe Hub's Antique Weapon Shoppe.
  4593 | D:5      | Found Kihieqou's Weapon Shoppe.
  5018 | D:5      | Noticed Ijyb
  5035 | D:5      | Killed Ijyb
  5334 | D:6      | Identified the +7 chain mail of Activism {Fly rPois Str-5
                  | SInv}
  5468 | D:6      | Found Ockair's Distillery.
  5471 | D:6      | Found Uneinid's Weapon Emporium.
  5676 | D:6      | Found Jintoyqa's General Store.
  5752 | D:6      | Found Hieney's Armour Emporium.
  5887 | D:6      | Reached skill level 5 in Spellcasting
  5987 | D:6      | Found Naer's Assorted Antiques.
  6227 | D:7      | Reached XP level 9. HP: 38/62 MP: 6/16
  6446 | D:7      | Found a basalt altar of Yredelemnul.
  6789 | D:7      | Found a staircase to the Ecumenical Temple.
  6799 | Temple   | Entered the Ecumenical Temple
  7027 | Temple   | Became a worshipper of Vehumet
  7681 | D:7      | Found a shimmering blue altar of Sif Muna.
  8056 | D:8      | Learned a level 5 spell: Fireball
  8076 | D:8      | Found a hide-covered altar of Uskayaw.
  8302 | D:8      | Found an iron altar of Okawaru.
  8378 | D:8      | Reached * piety under Vehumet
  8378 | D:8      | Offered knowledge of Freeze by Vehumet.
  8632 | D:8      | Learned a level 1 spell: Freeze
  8671 | D:8      | Reached skill level 1 in Ice Magic
  8944 | D:8      | Found a glowing golden altar of the Shining One.
  8945 | D:8      | Found a bloodstained altar of Trog.
  9252 | D:9      | Found a staircase to the Orcish Mines.
  9257 | D:9      | Reached XP level 10. HP: 69/69 MP: 15/19
  9923 | D:9      | Paralysed by a hornet for 2 turns
 10505 | D:10     | Entered Level 10 of the Dungeon
 10638 | D:10     | Noticed a manticore
 10642 | D:10     | Killed a manticore
 10643 | D:10     | Reached skill level 10 in Fire Magic
 10687 | D:9      | Learned a level 5 spell: Bolt of Magma
 10785 | D:10     | Offered knowledge of Shock by Vehumet.
 10800 | D:10     | Reached ** piety under Vehumet
 10920 | D:10     | Noticed a manticore
 10920 | D:10     | a wind drake changed into a manticore
 10921 | D:10     | Noticed an orb spider
 10921 | D:10     | a manticore changed into an orb spider
 10926 | D:10     | Killed an orb spider
 11179 | D:10     | Reached skill level 1 in Earth Magic
 11436 | D:10     | Noticed an ice dragon
 11505 | D:10     | Noticed a manticore
 11872 | D:9      | Learned a level 1 spell: Shock
 11977 | D:10     | Reached XP level 11. HP: 74/74 MP: 21/21
 12294 | D:10     | Reached skill level 10 in Conjurations
 12713 | D:10     | Killed an ice dragon
 13161 | D:10     | Noticed a deep troll earth mage
 13180 | D:10     | Killed from afar by a deep troll earth mage

Illustrated notes

Levels and vault maps discovered:
D:1:      minmay_arrival_open_corners, layout_basic
D:2:      layout_loops_ring, hellmonk_ecumenical_altar_crossroads
D:3:      layout_loops_ring
D:4:      layout_basic, lemuel_round_altar, uniq_pikel
D:5:      layout_loops_ring, serial_shops, nicolae_shop_behind_doors, shop,
          shop, kennysheep_mini, uniq_ijyb
D:6:      layout_rooms, serial_rivers, chequers_serial_rivers_small_3,
          chequers_serial_rivers_room_a, chequers_serial_rivers_small_3,
          chequers_serial_rivers_micro_b, serial_shops, shop, shop,
          nicolae_shop_statue_plus, nicolae_square_shop, nicolae_square_shop
D:7:      layout_gridville, yredelemnul_altar_generic,
          nicolae_overflow_crystal_walls, temple_fountains,
          kennysheep_nondescript
D:8:      layout_rooms, mainiacjoe_overflow_paths, jmf_multi_god_temple,
          kennysheep_okawaru_gauntlet
D:9:      layout_loops_ring, david_orc_3
D:10:     minmay_chopped_fan, layout_basic
Temple:   regret_index_temple_generic_petals

Skill      XL: |  1  2  3  4  5  6  7  8  9 10 11 |
---------------+----------------------------------+-----
Conjurations   | 2 3 5 7 9 10 | 10.2
Fire Magic     | 4 5 6 8 9 10 | 10.6
Spellcasting   | 3 4 5 6 7 |  7.2
Ice Magic      | 1 4 |  4.3
Earth Magic    | 7 |  7.6
Dodging        | |  1.7
Stealth        | |  1.7

Action                   |  1- 3 |  4- 6 |  7- 9 | 10-12 || total
-------------------------+-------+-------+-------+-------++-------
Melee: Mace              |    21 |     7 |       |       ||    28
       Tailslap          |     3 |     6 |     8 |     3 ||    20
       Whip              |       |    55 |    87 |    28 ||   170
 Cast: Foxfire           |    48 |    85 |   260 |    56 ||   449
       Sticky Flame      |       |     1 |    14 |    23 ||    38
       Fireball          |       |       |     1 |    28 ||    29
       Freeze            |       |       |       |    14 ||    14
       Bolt of Magma     |       |       |       |     3 ||     3
  Use: Scroll            |       |       |       |    16 ||    16
       Potion            |       |       |       |     5 ||     5
 Stab: Sleeping          |     1 |     1 |       |       ||     2
Armor: Skin              |    21 |    19 |    46 |    32 ||   118
Dodge: Dodged            |    32 |    47 |    82 |    39 ||   200
Block: Other             |       |       |    22 |    14 ||    36
       Reflection        |       |       |     1 |     2 ||     3

Table legend: (Time is in decaauts)
 A = Elapsed time spent in this place.
 B = Non-inter-level travel time spent in this place.
 C = Inter-level travel time spent in this place.
 D = Time resting spent in this place.
 E = Time spent auto-exploring this place.
 F = Levels seen in this place.
 G = Mean time per level.
                   A        B        C        D        E       F      G
               +--------+--------+--------+--------+--------+-----+--------+
         Total |  13228 |  12603 |    625 |   3330 |   6647 |  11 | 1202.5 |
       Dungeon |  12961 |  12402 |    559 |   3330 |   6449 |  10 | 1296.1 |
        Temple |    266 |    200 |     66 |      0 |    198 |   1 |  266.0 |
               +--------+--------+--------+--------+--------+-----+--------+

Top non-repeatable levels by time:
     D:9: 2006 daAuts
    D:10: 1905 daAuts
     D:7: 1535 daAuts
     D:8: 1299 daAuts
     D:2: 1202 daAuts
     D:4: 1135 daAuts
     D:5: 1120 daAuts
     D:1: 972 daAuts
     D:3: 917 daAuts
     D:6: 866 daAuts
  Temple: 266 daAuts
